AoeStats
← Kulishaak

Arabia

505086742Analyzed
1v1 RM · 24d ago on Sep 7, 2026· 49m 55s· 2 players
Game mode
Random Map
Map size
Tiny (2 player)
Population
200
Speed
Normal
Resources
Standard
Victory
Conquest
Starting age
Dark Age
Ending age
Imperial Age
RankedLock teamsTeams togetherTeam positionsShared explorationLock speedFull tech treeHidden civsTurbo modeCheats
Victory
Defeat
🇨🇿 Armenians · Czechia
1157
+17
🇱🇧 Spanish · Lebanon
1183
-17
Kulishaak
1:07 Loom
9:18 Feudal Age
9:37 Man-at-Arms
11:21 Arson
11:27 Long Swordsman
14:38 Double-Bit Axe
23:06 Castle Age
21:44 Fletching
22:00 Horse Collar
22:53 Scale Mail Armor
22:54 Padded Archer Armor
24:17 Bow Saw
24:39 Elite Skirmisher
25:27 Squires
27:19 Bodkin Arrow
31:40 Fervor
32:09 Forging
33:02 Leather Archer Armor
33:10 Town Watch
33:53 Sanctity
34:52 Wheelbarrow
34:55 Gold Mining
35:59 Chain Mail Armor
36:11 Stone Mining
38:08 Gold Shaft Mining
37:55 Hand Cart
40:28 Ballistics
41:10 Iron Casting
44:10 Imperial Age
42:37 Masonry
42:23 Murder Holes
43:03 Gambesons
43:18 Squires
42:39 Pikeman
42:40 Two-Handed Swordsman
43:47 Cilician Fleet
45:06 Redemption
45:18 Block Printing
45:02 Herbal Medicine
45:43 Theocracy
45:09 Devotion
45:00 Champion
46:03 Conscription
47:56 Halberdier
49:09 Bracer
Heizenberg
10:22 Feudal Age
8:38 Loom
17:14 Castle Age
35:43 Wheelbarrow
35:32 Husbandry
38:44 Bloodlines
38:37 Gold Mining
42:26 Padded Archer Armor
43:25 Double-Bit Axe
44:25 Leather Archer Armor
48:04 Scale Barding Armor
48:29 Hand Cart
Connection lost

Rejoining the realm…

Still unreachable

The connection could not be restored.

Session expired

The server has moved on; the page needs a fresh start.